Punishers vs Eagles

Created - November 22, 2022 at 19:01

Goals
1 2 3 T
Punishers 2 0 0 2
Eagles 0 2 2 4
Shots
1 2 3 T
Punishers 16 11 3 30
Eagles 14 14 7 35

1st period

1. Punishers , Kevin Roy 5 (Artem Zub 2, Alex Petrovic 7) at 1:58
2. Punishers , Corey Tropp 6 (Radek Faksa 11) at 2:54

Penalties :
No Penalty

2nd period

3. Eagles , Zach Aston-Reese 4 (Tyler Motte 1, Joseph Blandisi 3) at 14:22
4. Eagles , Nick Cousins 8 (John Ramage 2, Jonathan Marchessault 12) at 19:04

Penalties :
Nick Cousins (Col) for Hooking (Minor) at 3:54

3rd period

5. Eagles , Nick Cousins 9 (Jonathan Marchessault 13) at 1:08
6. Eagles , Nick Cousins 10 (Connor Carrick 6, Jonathan Marchessault 14) at 2:32

Penalties :
Jonathan Racine (Col) for Charging (Double Minor) at 4:48, Michael Carcone (Col) for Tripping (Minor) at 14:00, Nick Cousins (Col) for Hooking (Minor) at 17:25

Goalie Stats

Daniel Altshuller (Pro), 31 saves from 35 shots - (0.886), L, 0-1-0, 60:00 minutes
Antoine Bibeau (Col), 28 saves from 30 shots - (0.933), W, 1-0-0, 60:00 minutes

Players Stats for Punishers

Player Name              G  A  P  +/- PIM S  H  SB GA TA FO     MP     PP MP  PK MP  
------------------------------------------------------------------------------------
Alex Petrovic            0  1  1  -1  0   2  0  1  1  2  0/0    27:42   5:22   0:00 
Alexander Nylander       0  0  0   0  0   0  0  0  0  0  0/0     0:00   0:00   0:00 
Anton Blidh              0  0  0   0  0   4  0  1  1  0  0/1    16:59   4:15   0:00 
Artem Zub                0  1  1  -1  0   2  1  2  0  2  0/0    24:31   5:22   0:00 
Austen Brassard          0  0  0   0  0   2  2  0  0  0  0/0    11:52   0:59   0:00 
Beck Malenstyn           0  0  0   0  0   0  0  0  0  0  0/0     0:00   0:00   0:00 
Ben Betker               0  0  0   0  0   1  1  0  0  2  0/0    18:48   3:57   0:00 
Ben Meyers               0  0  0   0  0   0  0  0  0  0  0/0     0:00   0:00   0:00 
Carson Meyer             0  0  0   0  0   0  0  0  0  0  0/0     2:31   0:57   0:00 
Carter Ashton            0  0  0   0  0   3  3  0  0  0  0/0    16:59   4:15   0:00 
Connor Clifton           0  0  0  -1  0   0  1  0  0  0  0/0    12:40   0:37   0:00 
Corey Tropp              1  0  1  -2  0   2  0  0  4  1  0/0    21:51   4:28   0:00 
Daniel Audette           0  0  0   0  0   0  0  1  0  0  1/3     8:34   0:00   0:00 
Fredrik Claesson         0  0  0  -1  0   0  1  0  0  0  0/0    12:40   0:37   0:00 
John Hayden              0  0  0   0  0   0  0  0  0  0  0/1     2:31   0:57   0:00 
John Quenneville         0  0  0   0  0   1  3  0  0  1  5/15   17:17   4:29   0:00 
Kevin Roy                1  0  1   0  0   2  0  0  1  0  3/4     9:49   0:00   0:00 
Kole Lind                0  0  0   0  0   1  1  0  0  0  0/1     8:34   0:00   0:00 
Nicolas Roy              0  0  0   0  0   0  0  0  0  0  0/0     0:26   0:00   0:00 
Niko Mikkola             0  0  0   0  0   0  1  0  0  0  0/0     4:51   0:00   0:00 
Noah Juulsen             0  0  0   0  0   1  3  1  0  0  0/0    18:48   3:57   0:00 
Oskar Lindblom           0  0  0   0  0   4  0  0  0  0  1/1     9:49   0:00   0:00 
Phillip Danault          0  0  0  -2  0   3  1  0  0  0  1/1    22:07   4:44   0:00 
Radek Faksa              0  1  1  -2  0   2  1  0  0  0  17/36  22:07   4:44   0:00 
Tanner Jeannot           0  0  0   0  0   0  1  0  0  0  0/0     8:34   0:00   0:00 

Players Stats for Eagles

Player Name              G  A  P  +/- PIM S  H  SB GA TA FO     MP     PP MP  PK MP  
------------------------------------------------------------------------------------
Anthony Duclair          0  0  0   3  0   0  1  0  3  0  0/0    20:56   0:00   3:37 
Connor Carrick           0  1  1   0  0   0  2  1  2  2  0/0    23:35   0:00   5:21 
Drake Caggiula           0  0  0   0  0   3  2  1  1  0  14/18  16:20   0:00   3:43 
Jared McCann             0  0  0   0  0   2  2  0  0  0  1/5     8:56   0:00   0:22 
Jarred Tinordi           0  0  0   1  0   2  5  3  0  0  0/0    26:58   0:00   5:16 
John Ramage              0  1  1   1  0   1  1  2  0  0  0/0    20:12   0:00   4:16 
Jonathan Marchessault    0  3  3   3  0   4  2  0  1  3  10/23  21:53   0:00   4:59 
Jonathan Racine          0  0  0   1  4   1  2  2  0  0  0/0    18:55   0:00   2:36 
Joseph Blandisi          0  1  1   0  0   3  0  2  0  0  0/1    14:41   0:00   1:12 
Keaton Middleton         0  0  0   0  0   0  0  1  0  0  0/0    12:40   0:00   1:19 
Matteson Iacopelli       0  0  0   0  0   2  1  1  1  0  0/0    12:50   0:00   0:00 
Max Lajoie               0  0  0   1  0   0  0  0  0  0  0/0     6:59   0:00   1:04 
Michael Carcone          0  0  0   0  2   1  2  0  0  0  1/2     8:34   0:00   0:00 
Nick Cousins             3  0  3   3  4   8  0  0  0  0  2/3    20:36   0:00   2:41 
Pius Suter               0  0  0  -1  0   0  3  0  0  0  1/1    10:42   0:00   0:00 
Sam Steel                0  0  0   0  0   2  1  0  0  0  0/0     8:34   0:00   0:00 
Tyler Motte              0  1  1  -1  0   2  1  0  0  1  0/0    10:42   0:00   0:00 
Xavier Ouellet           0  0  0   0  0   0  0  1  0  0  0/0    11:21   0:00   0:00 
Zach Aston-Reese         1  0  1  -1  0   4  0  0  0  1  6/10   14:36   0:00   3:18 

3 Stars

1 - Nick Cousins (Col)
2 - Jonathan Marchessault (Col)
3 - Jarred Tinordi (Col)

Power Play

Punishers - 0 on 5 Attempt(s) - 0.00%
Eagles - 0 on 0 Attempt(s) - 0.00%

Penalty Kill

Punishers - 0 on 0 Attempt(s) - 0.00% - Score 0 goal in Penalty Kill
Eagles - 5 on 5 Attempt(s) - 100.00% - Score 0 goal in Penalty Kill

Team Stat

Punishers - Hits : 20 - Faceoff Wins : 28 - Blocked Shots : 6 - Penalty Minutes : 0
Eagles - Hits : 25 - Faceoff Wins : 35 - Blocked Shots : 14 - Penalty Minutes : 10

Official

Referees : Chris Rooney and Michael Markovic
Linesman : Ryan Galloway and Greg Devorski

Game Notes

Nick Cousins has scored a Hat Trick!

Finance

Level 1 -- Attendance: 1984 (99.20%) -- Ticket Income $69,440
Level 2 -- Attendance: 1000 (100.00%) -- Ticket Income $15,000
Total Attendance: 2984 (99.47%)
Total Ticket Income: $84,440
Other Income: $4,222
Total Income: $88,662

Punishers

5 vs 5 Forward 
   Center                   Left Wing                Right Wing               Time % Phy DF OF 
 1 Radek Faksa              Phillip Danault          Corey Tropp              40     1   2  2  
 2 John Quenneville         Anton Blidh              Carter Ashton            30     1   2  2  
 3 Kevin Roy                Oskar Lindblom           Austen Brassard          20     1   2  2  
 4 Daniel Audette           Tanner Jeannot           Kole Lind                10     1   2  2  

5 vs 5 Defense 
   Defense                  Defense                                           Time % Phy DF OF 
 1 Alex Petrovic            Artem Zub                                         40     1   2  2  
 2 Ben Betker               Noah Juulsen                                      30     1   2  2  
 3 Fredrik Claesson         Connor Clifton                                    20     1   2  2  
 4 Niko Mikkola             Alex Petrovic                                     10     1   2  2  

PowerPlay Forward 
   Center                   Left Wing                Right Wing               Time % Phy DF OF 
 1 Radek Faksa              Phillip Danault          Corey Tropp              60     1   2  2  
 2 John Quenneville         Anton Blidh              Carter Ashton            40     1   2  2  

PowerPlay Defense
   Defense                  Defense                                           Time % Phy DF OF 
 1 Alex Petrovic            Artem Zub                                         60     1   2  2  
 2 Ben Betker               Noah Juulsen                                      40     1   2  2  

Penalty Kill 4 Players Forward 
   Center                   Wing                     Time % Phy DF OF 
 1 Radek Faksa              Corey Tropp              60     1   2  2  
 2 John Quenneville         Carter Ashton            40     1   2  2  

Penalty Kill 4 Players Defense
   Defense                  Defense                  Time % Phy DF OF 
 1 Alex Petrovic            Artem Zub                60     1   2  2  
 2 Ben Betker               Noah Juulsen             40     1   2  2  

Penalty Kill - 3 Players Forward 
   Forward                                           Time % Phy DF OF 
 1 Radek Faksa                                       60     1   2  2  
 2 Corey Tropp                                       40     1   2  2  

Penalty Kill - 3 Players Defense
   Defense                  Defense                  Time % Phy DF OF 
 1 Alex Petrovic            Artem Zub                60     1   2  2  
 2 Ben Betker               Noah Juulsen             40     1   2  2  

4 vs 4 Forward 
   Center                   Wing                     Time % Phy DF OF 
 1 Radek Faksa              Corey Tropp              60     1   2  2  
 2 John Quenneville         Carter Ashton            40     1   2  2  

4 vs 4 Defense
   Defense                  Defense                  Time % Phy DF OF 
 1 Alex Petrovic            Artem Zub                60     1   2  2  
 2 Ben Betker               Noah Juulsen             40     1   2  2  

Last Minutes Offensive
   Center                   Left Wing                Right Wing               Defense                  Defense                  
   Radek Faksa              Phillip Danault          Corey Tropp              Alex Petrovic            Artem Zub                

Last Minutes Defensive
   Center                   Left Wing                Right Wing               Defense                  Defense                  
   Radek Faksa              Phillip Danault          Corey Tropp              Alex Petrovic            Artem Zub                

Goaltenders
Starting : Daniel Altshuller        
Backup : Louis Domingue           

Extra Forwards
Normal : John Hayden, Carson Meyer, Nicolas Roy - PP : John Hayden, Carson Meyer - PK : Nicolas Roy
Extra Defensemen
Normal : Fredrik Claesson, Connor Clifton, Niko Mikkola - PP : Fredrik Claesson - PK : Connor Clifton, Niko Mikkola
Penalty Shots
Radek Faksa, Corey Tropp, John Quenneville, Carter Ashton, Phillip Danault

Scratches
None

Eagles

5 vs 5 Forward 
   Center                   Left Wing                Right Wing               Time % Phy DF OF 
 1 Jonathan Marchessault    Anthony Duclair          Nick Cousins             40     1   2  2  
 2 Drake Caggiula           Joseph Blandisi          Matteson Iacopelli       30     1   2  2  
 3 Zach Aston-Reese         Tyler Motte              Pius Suter               20     1   2  2  
 4 Jared McCann             Michael Carcone          Sam Steel                10     1   2  2  

5 vs 5 Defense 
   Defense                  Defense                                           Time % Phy DF OF 
 1 Jarred Tinordi           Connor Carrick                                    40     1   2  2  
 2 John Ramage              Jonathan Racine                                   30     1   2  2  
 3 Xavier Ouellet           Keaton Middleton                                  20     1   2  2  
 4 Max Lajoie               Jarred Tinordi                                    10     1   2  2  

PowerPlay Forward 
   Center                   Left Wing                Right Wing               Time % Phy DF OF 
 1 Jonathan Marchessault    Anthony Duclair          Nick Cousins             60     1   2  2  
 2 Drake Caggiula           Tyler Motte              Matteson Iacopelli       40     1   2  2  

PowerPlay Defense
   Defense                  Defense                                           Time % Phy DF OF 
 1 Jarred Tinordi           Connor Carrick                                    60     1   2  2  
 2 John Ramage              Jonathan Racine                                   40     1   2  2  

Penalty Kill 4 Players Forward 
   Center                   Wing                     Time % Phy DF OF 
 1 Nick Cousins             Jonathan Marchessault    60     1   2  2  
 2 Drake Caggiula           Anthony Duclair          40     1   2  2  

Penalty Kill 4 Players Defense
   Defense                  Defense                  Time % Phy DF OF 
 1 Jarred Tinordi           Connor Carrick           60     1   2  2  
 2 John Ramage              Jonathan Racine          40     1   2  2  

Penalty Kill - 3 Players Forward 
   Forward                                           Time % Phy DF OF 
 1 Nick Cousins                                      60     1   2  2  
 2 Jonathan Marchessault                             40     1   2  2  

Penalty Kill - 3 Players Defense
   Defense                  Defense                  Time % Phy DF OF 
 1 Jarred Tinordi           Connor Carrick           60     1   2  2  
 2 John Ramage              Jonathan Racine          40     1   2  2  

4 vs 4 Forward 
   Center                   Wing                     Time % Phy DF OF 
 1 Nick Cousins             Jonathan Marchessault    60     1   2  2  
 2 Drake Caggiula           Anthony Duclair          40     1   2  2  

4 vs 4 Defense
   Defense                  Defense                  Time % Phy DF OF 
 1 Jarred Tinordi           Connor Carrick           60     1   2  2  
 2 John Ramage              Jonathan Racine          40     1   2  2  

Last Minutes Offensive
   Center                   Left Wing                Right Wing               Defense                  Defense                  
   Jonathan Marchessault    Anthony Duclair          Nick Cousins             Jarred Tinordi           Connor Carrick           

Last Minutes Defensive
   Center                   Left Wing                Right Wing               Defense                  Defense                  
   Jonathan Marchessault    Anthony Duclair          Nick Cousins             Jarred Tinordi           Connor Carrick           

Goaltenders
Starting : Antoine Bibeau           
Backup : Adin Hill                

Extra Forwards
Normal : Pius Suter, Sam Steel, Zach Aston-Reese - PP : Pius Suter, Sam Steel - PK : Zach Aston-Reese
Extra Defensemen
Normal : Xavier Ouellet, Keaton Middleton, Max Lajoie - PP : Xavier Ouellet - PK : Keaton Middleton, Max Lajoie
Penalty Shots
Nick Cousins, Jonathan Marchessault, Drake Caggiula, Anthony Duclair, Zach Aston-Reese

Scratches
Chris Calhan (Healthy), Dominik Kubalik (Healthy), Mark Friedman (Healthy), Michael Dal Colle (Healthy), Ryan Murphy (Sprained Right Knee Injury)
Gabriel Vilardi (Healthy), Pascal Laberge (Healthy), Marian Studenic (Healthy), Walker Duehr (Healthy)

% Time on Ice - Punishers

Lines # - Real PCT - Wanted PCT - Time Play
Normal Forward
1 - 37% - 40% - 18:27
2 - 26% - 30% - 13:14
3 - 20% - 20% - 9:49
4 - 17% - 10% - 8:34
Normal Defense
1 - 38% - 40% - 19:09
2 - 30% - 30% - 14:51
3 - 24% - 20% - 12:03
4 - 8% - 10% - 4:01
PP Forward
1 - 54% - 60% - 5:24
2 - 46% - 40% - 4:32
PP Defense
1 - 60% - 60% - 5:59
2 - 40% - 40% - 3:57
PK Forward
1 - 0% - 60%
2 - 0% - 40%
PK Defense
1 - 0% - 60%
2 - 0% - 40%
PK3 Forward
1 - 0% - 60%
2 - 0% - 40%
PK3 Defense
1 - 0% - 60%
2 - 0% - 40%
44 Forward
1 - 0% - 60%
2 - 0% - 40%
44 Defense
1 - 0% - 60%
2 - 0% - 40%
Last Minute Offensive  - 0:00
Last Minute Defensive  - 0:00
Total
Forward - 60:00
Defense - 60:00

% Time on Ice - Eagles

Lines # - Real PCT - Wanted PCT - Time Play
Normal Forward
1 - 36% - 40% - 18:11
2 - 25% - 30% - 12:37
3 - 21% - 20% - 10:42
4 - 17% - 10% - 8:34
Normal Defense
1 - 34% - 40% - 16:52
2 - 34% - 30% - 17:01
3 - 23% - 20% - 11:21
4 - 10% - 10% - 4:50
PP Forward
1 - 0% - 60%
2 - 0% - 40%
PP Defense
1 - 0% - 60%
2 - 0% - 40%
PK Forward
1 - 89% - 60% - 8:48
2 - 11% - 40% - 1:08
PK Defense
1 - 50% - 60% - 4:57
2 - 50% - 40% - 4:59
PK3 Forward
1 - 0% - 60%
2 - 0% - 40%
PK3 Defense
1 - 0% - 60%
2 - 0% - 40%
44 Forward
1 - 0% - 60%
2 - 0% - 40%
44 Defense
1 - 0% - 60%
2 - 0% - 40%
Last Minute Offensive  - 0:00
Last Minute Defensive  - 0:00
Total
Forward - 60:00
Defense - 60:00

Play-by-Play

1st period


0:01 of 1st period - Radek Faksa wins face-off versus Jonathan Marchessault in neutral zone.
0:10 of 1st period - Slapshot by Phillip Danault.
0:10 of 1st period - Stopped by Antoine Bibeau without a rebound.
0:11 of 1st period - Drake Caggiula wins face-off versus Anton Blidh in Eagles zone.
0:32 of 1st period - John Ramage is hit by Carter Ashton and loses puck.
1:01 of 1st period - Slapshot by Carter Ashton.
1:01 of 1st period - Shot Blocked by Jonathan Racine.
1:03 of 1st period - Wrist shot by Anton Blidh.
1:03 of 1st period - Shot Blocked by Drake Caggiula.
1:19 of 1st period - Wrist shot by Anton Blidh.
1:19 of 1st period - Stopped by Antoine Bibeau without a rebound.
1:20 of 1st period - Jonathan Marchessault wins face-off versus Radek Faksa in Eagles zone.
1:26 of 1st period - Off-side.
1:27 of 1st period - Jonathan Marchessault wins face-off versus Radek Faksa in neutral zone.
1:54 of 1st period - Slapshot by Alex Petrovic.
1:54 of 1st period - Stopped by Antoine Bibeau with a rebound.
1:56 of 1st period - Slapshot by Artem Zub.
1:56 of 1st period - Stopped by Antoine Bibeau with a rebound.
1:58 of 1st period - Snap shot by Kevin Roy.
1:58 of 1st period - Goal by Kevin Roy - Punishers : 1 - Eagles : 0.
1:59 of 1st period - Daniel Audette wins face-off versus Michael Carcone in neutral zone.
2:10 of 1st period - Snap shot by Michael Carcone.
2:10 of 1st period - Stopped by Daniel Altshuller with a rebound.
2:52 of 1st period - Snap shot by Oskar Lindblom.
2:52 of 1st period - Deflect By Austen Brassard.
2:52 of 1st period - Shot Misses the Net.
2:52 of 1st period - Puck is out of play.
2:53 of 1st period - Radek Faksa wins face-off versus Zach Aston-Reese in Eagles zone.
2:54 of 1st period - Slapshot by Corey Tropp.
2:54 of 1st period - Goal by Corey Tropp - Punishers : 2 - Eagles : 0.
2:55 of 1st period - Jonathan Marchessault wins face-off versus Radek Faksa in neutral zone.
3:14 of 1st period - Alex Petrovic is hit by Jonathan Marchessault and loses puck.
3:59 of 1st period - Alex Petrovic is hit by Connor Carrick and loses puck.
4:08 of 1st period - Snap shot by Nick Cousins.
4:08 of 1st period - Stopped by Daniel Altshuller with a rebound.
4:36 of 1st period - Wrist shot by Anthony Duclair.
4:36 of 1st period - Shot Blocked by Artem Zub.
5:01 of 1st period - Off-side.
5:02 of 1st period - Kevin Roy wins face-off versus Zach Aston-Reese in neutral zone.
5:13 of 1st period - Snap shot by Oskar Lindblom.
5:13 of 1st period - Stopped by Antoine Bibeau without a rebound.
5:14 of 1st period - Drake Caggiula wins face-off versus John Quenneville in Eagles zone.
5:14 of 1st period - Drake Caggiula is hit by Carter Ashton.
5:20 of 1st period - Wrist shot by Joseph Blandisi.
5:20 of 1st period - Stopped by Daniel Altshuller without a rebound.
5:21 of 1st period - John Quenneville wins face-off versus Drake Caggiula in Punishers zone.
5:28 of 1st period - Wrist shot by Anton Blidh.
5:28 of 1st period - Shot Hit the Post.
5:50 of 1st period - Snap shot by Austen Brassard.
5:50 of 1st period - Deflect By Kevin Roy.
5:50 of 1st period - Shot Misses the Net.
5:50 of 1st period - Puck is out of play.
5:51 of 1st period - Kevin Roy wins face-off versus Zach Aston-Reese in Eagles zone.
5:58 of 1st period - Wrist shot by Oskar Lindblom.
5:58 of 1st period - Stopped by Antoine Bibeau with a rebound.
6:00 of 1st period - Slapshot by Noah Juulsen.
6:00 of 1st period - Shot Blocked by Xavier Ouellet.
6:02 of 1st period - Snap shot by Austen Brassard.
6:02 of 1st period - Deflect By Oskar Lindblom.
6:02 of 1st period - Shot Misses the Net.
6:02 of 1st period - Puck is out of play.
6:03 of 1st period - Michael Carcone wins face-off versus Daniel Audette in Eagles zone.
6:11 of 1st period - Icing by Noah Juulsen.
6:12 of 1st period - Jared McCann wins face-off versus Daniel Audette in Punishers zone.
6:25 of 1st period - Sam Steel is hit by Tanner Jeannot and loses puck.
6:32 of 1st period - Slapshot by Michael Carcone.
6:32 of 1st period - Shot Misses the Net.
7:08 of 1st period - Snap shot by Sam Steel.
7:08 of 1st period - Deflect By Jared McCann.
7:08 of 1st period - Deflect By Daniel Audette.
7:08 of 1st period - Stopped by Daniel Altshuller with a rebound.
7:14 of 1st period - Wrist shot by Jared McCann.
7:14 of 1st period - Stopped by Daniel Altshuller with a rebound.
7:16 of 1st period - Snap shot by Sam Steel.
7:16 of 1st period - Stopped by Daniel Altshuller without a rebound.
7:17 of 1st period - Drake Caggiula wins face-off versus John Quenneville in Punishers zone.
7:42 of 1st period - Austen Brassard is hit by Pius Suter and loses puck.
7:49 of 1st period - Slapshot by Tyler Motte.
7:49 of 1st period - Deflect By Zach Aston-Reese.
7:49 of 1st period - Shot Misses the Net.
7:49 of 1st period - Puck is out of play.
7:50 of 1st period - Drake Caggiula wins face-off versus Kevin Roy in Punishers zone.
7:53 of 1st period - Snap shot by Joseph Blandisi.
7:53 of 1st period - Shot Misses the Net.
7:55 of 1st period - Slapshot by Jonathan Racine.
7:55 of 1st period - Shot Misses the Net.
8:46 of 1st period - Wrist shot by Jonathan Marchessault.
8:46 of 1st period - Stopped by Daniel Altshuller with a rebound.
8:48 of 1st period - Slapshot by John Ramage.
8:48 of 1st period - Shot Hit the Post.
9:14 of 1st period - Snap shot by Drake Caggiula.
9:14 of 1st period - Stopped by Daniel Altshuller without a rebound.
9:15 of 1st period - Pius Suter wins face-off versus John Quenneville in Punishers zone.
9:46 of 1st period - Wrist shot by Jonathan Marchessault.
9:46 of 1st period - Stopped by Daniel Altshuller with a rebound.
9:54 of 1st period - Wrist shot by Carter Ashton.
9:54 of 1st period - Deflect By Anton Blidh.
9:54 of 1st period - Stopped by Antoine Bibeau with a rebound.
10:06 of 1st period - Snap shot by Anton Blidh.
10:06 of 1st period - Stopped by Antoine Bibeau without a rebound.
10:07 of 1st period - Drake Caggiula wins face-off versus Radek Faksa in Eagles zone.
10:57 of 1st period - Snap shot by Kole Lind.
10:57 of 1st period - Deflect By Tanner Jeannot.
10:57 of 1st period - Deflect By Keaton Middleton.
10:57 of 1st period - Shot Misses the Net.
10:57 of 1st period - Puck is out of play.
10:58 of 1st period - Jonathan Marchessault wins face-off versus Kole Lind in Eagles zone.
10:58 of 1st period - Jonathan Marchessault is hit by Connor Clifton.
11:22 of 1st period - Nick Cousins is hit by Kole Lind and loses puck.
11:43 of 1st period - Snap shot by Jonathan Marchessault.
11:43 of 1st period - Shot Misses the Net.
11:45 of 1st period - Snap shot by Jonathan Marchessault.
11:45 of 1st period - Shot Misses the Net.
11:47 of 1st period - Wrist shot by Nick Cousins.
11:47 of 1st period - Shot Misses the Net.
11:49 of 1st period - Snap shot by Nick Cousins.
11:49 of 1st period - Stopped by Daniel Altshuller with a rebound.
11:51 of 1st period - Wrist shot by Jonathan Marchessault.
11:51 of 1st period - Stopped by Daniel Altshuller without a rebound.
11:52 of 1st period - Radek Faksa wins face-off versus Joseph Blandisi in Punishers zone.
11:56 of 1st period - Off-side.
11:57 of 1st period - Drake Caggiula wins face-off versus Radek Faksa in neutral zone.
12:22 of 1st period - Niko Mikkola is hit by Jarred Tinordi.
12:46 of 1st period - Wrist shot by John Quenneville.
12:46 of 1st period - Shot Misses the Net.
13:04 of 1st period - Jonathan Racine is hit by Phillip Danault and loses puck.
13:25 of 1st period - Drake Caggiula is hit by Niko Mikkola and loses puck.
13:46 of 1st period - Slapshot by Kole Lind.
13:46 of 1st period - Stopped by Antoine Bibeau with a rebound.
13:58 of 1st period - Slapshot by Radek Faksa.
13:58 of 1st period - Shot Blocked by Jarred Tinordi.
14:00 of 1st period - Slapshot by Phillip Danault.
14:00 of 1st period - Stopped by Antoine Bibeau without a rebound.
14:01 of 1st period - Drake Caggiula wins face-off versus Radek Faksa in Eagles zone.
14:01 of 1st period - Drake Caggiula is hit by Radek Faksa.
14:14 of 1st period - Off-side.
14:15 of 1st period - John Quenneville wins face-off versus Jonathan Marchessault in neutral zone.
14:26 of 1st period - Snap shot by John Quenneville.
14:26 of 1st period - Shot Misses the Net.
14:59 of 1st period - Off-side.
15:00 of 1st period - Kevin Roy wins face-off versus Jared McCann in neutral zone.
15:11 of 1st period - Wrist shot by Oskar Lindblom.
15:11 of 1st period - Shot Misses the Net.
16:01 of 1st period - Phillip Danault is hit by John Ramage.
16:04 of 1st period - Icing by Radek Faksa.
16:05 of 1st period - Radek Faksa wins face-off versus Drake Caggiula in Punishers zone.
16:10 of 1st period - Snap shot by Radek Faksa.
16:10 of 1st period - Stopped by Antoine Bibeau with a rebound.
16:30 of 1st period - Snap shot by Anton Blidh.
16:30 of 1st period - Stopped by Antoine Bibeau with a rebound.
16:32 of 1st period - Slapshot by Ben Betker.
16:32 of 1st period - Stopped by Antoine Bibeau with a rebound.
16:34 of 1st period - Snap shot by Anton Blidh.
16:34 of 1st period - Shot Blocked by Connor Carrick.
16:36 of 1st period - Slapshot by Ben Betker.
16:36 of 1st period - Deflect By Carter Ashton.
16:36 of 1st period - Stopped by Antoine Bibeau without a rebound.
16:37 of 1st period - Jonathan Marchessault wins face-off versus John Quenneville in Eagles zone.
17:02 of 1st period - Xavier Ouellet is hit by John Quenneville and loses puck.
17:11 of 1st period - Wrist shot by Carter Ashton.
17:11 of 1st period - Shot Blocked by Joseph Blandisi.
17:47 of 1st period - Snap shot by Oskar Lindblom.
17:47 of 1st period - Shot Misses the Net.
18:07 of 1st period - Alex Petrovic is hit by Anthony Duclair and loses puck.
18:12 of 1st period - Snap shot by Nick Cousins.
18:12 of 1st period - Stopped by Daniel Altshuller with a rebound.
18:14 of 1st period - Slapshot by Jarred Tinordi.
18:14 of 1st period - Stopped by Daniel Altshuller without a rebound.
18:15 of 1st period - Jonathan Marchessault wins face-off versus Radek Faksa in Punishers zone.
18:28 of 1st period - Radek Faksa is hit by Jonathan Racine and loses puck.
18:51 of 1st period - Slapshot by Joseph Blandisi.
18:51 of 1st period - Stopped by Daniel Altshuller with a rebound.
19:07 of 1st period - Pius Suter is hit by Austen Brassard and loses puck.
19:23 of 1st period - Kole Lind is hit by Jared McCann and loses puck.
19:46 of 1st period - Alex Petrovic is hit by Jarred Tinordi and loses puck.
Goals for this period are 2 for Punishers vs 0 for Eagles.
Shots for this period are 16 for Punishers vs 14 for Eagles.

2nd period


0:01 of 2nd period - Nick Cousins wins face-off versus Radek Faksa in neutral zone.
0:35 of 2nd period - Wrist shot by John Quenneville.
0:35 of 2nd period - Stopped by Antoine Bibeau with a rebound.
1:00 of 2nd period - Slapshot by Tyler Motte.
1:00 of 2nd period - Shot Blocked by Daniel Audette.
1:34 of 2nd period - Wrist shot by Corey Tropp.
1:34 of 2nd period - Stopped by Antoine Bibeau without a rebound.
1:35 of 2nd period - Radek Faksa wins face-off versus Jonathan Marchessault in Eagles zone.
2:12 of 2nd period - Slapshot by Anton Blidh.
2:12 of 2nd period - Shot Blocked by Matteson Iacopelli.
2:24 of 2nd period - Snap shot by Zach Aston-Reese.
2:24 of 2nd period - Stopped by Daniel Altshuller with a rebound.
2:44 of 2nd period - Snap shot by Sam Steel.
2:44 of 2nd period - Shot Misses the Net.
2:46 of 2nd period - Snap shot by Sam Steel.
2:46 of 2nd period - Stopped by Daniel Altshuller with a rebound.
2:48 of 2nd period - Slapshot by Jared McCann.
2:48 of 2nd period - Deflect By Noah Juulsen.
2:48 of 2nd period - Shot Blocked by Noah Juulsen.
2:48 of 2nd period - Puck is out of play.
2:49 of 2nd period - Jonathan Marchessault wins face-off versus Radek Faksa in Punishers zone.
3:14 of 2nd period - Drake Caggiula is hit by Carter Ashton and loses puck.
3:21 of 2nd period - Wrist shot by Drake Caggiula.
3:21 of 2nd period - Stopped by Daniel Altshuller without a rebound.
3:22 of 2nd period - Drake Caggiula wins face-off versus Radek Faksa in Punishers zone.
3:28 of 2nd period - Off-side.
3:29 of 2nd period - Drake Caggiula wins face-off versus Radek Faksa in neutral zone.
3:32 of 2nd period - Wrist shot by Joseph Blandisi.
3:32 of 2nd period - Shot Misses the Net.
3:39 of 2nd period - Off-side.
3:40 of 2nd period - Radek Faksa wins face-off versus Jonathan Marchessault in neutral zone.
3:54 of 2nd period - Minor Penalty to Nick Cousins for Hooking.
3:55 of 2nd period - Radek Faksa wins face-off versus Zach Aston-Reese in Eagles zone.
4:08 of 2nd period - Wrist shot by Jarred Tinordi.
4:08 of 2nd period - Deflect By Alex Petrovic.
4:08 of 2nd period - Stopped by Daniel Altshuller without a rebound.
4:09 of 2nd period - Zach Aston-Reese wins face-off versus Radek Faksa in Punishers zone.
4:10 of 2nd period - Slapshot by Jonathan Marchessault.
4:10 of 2nd period - Stopped by Daniel Altshuller without a rebound.
4:11 of 2nd period - Zach Aston-Reese wins face-off versus Radek Faksa in Punishers zone.
4:22 of 2nd period - Snap shot by Corey Tropp.
4:22 of 2nd period - Shot Blocked by Jarred Tinordi.
4:24 of 2nd period - Snap shot by Radek Faksa.
4:24 of 2nd period - Stopped by Antoine Bibeau with a rebound.
4:26 of 2nd period - Snap shot by Phillip Danault.
4:26 of 2nd period - Stopped by Antoine Bibeau without a rebound.
4:27 of 2nd period - Zach Aston-Reese wins face-off versus Radek Faksa in Eagles zone.
5:54 of 2nd period - Penalty to Nick Cousins is over, Nick Cousins is back on ice.
6:26 of 2nd period - Wrist shot by Drake Caggiula.
6:26 of 2nd period - Shot Misses the Net.
7:29 of 2nd period - John Ramage is hit by John Quenneville and loses puck.
7:58 of 2nd period - Daniel Audette is hit by Jarred Tinordi and loses puck.
8:35 of 2nd period - Slapshot by John Quenneville.
8:35 of 2nd period - Shot Misses the Net.
8:42 of 2nd period - Icing by Xavier Ouellet.
8:43 of 2nd period - Oskar Lindblom wins face-off versus Jonathan Marchessault in Eagles zone.
8:44 of 2nd period - Snap shot by Austen Brassard.
8:44 of 2nd period - Stopped by Antoine Bibeau with a rebound.
8:56 of 2nd period - Wrist shot by Nick Cousins.
8:56 of 2nd period - Stopped by Daniel Altshuller with a rebound.
9:17 of 2nd period - Jarred Tinordi is hit by Fredrik Claesson and loses puck.
9:32 of 2nd period - Off-side.
9:33 of 2nd period - John Quenneville wins face-off versus Jared McCann in neutral zone.
10:08 of 2nd period - Snap shot by Oskar Lindblom.
10:08 of 2nd period - Stopped by Antoine Bibeau with a rebound.
10:38 of 2nd period - Jarred Tinordi is hit by Artem Zub.
10:42 of 2nd period - Artem Zub is hit by Pius Suter and loses puck.
11:11 of 2nd period - Off-side.
11:12 of 2nd period - Radek Faksa wins face-off versus Jonathan Marchessault in neutral zone.
11:37 of 2nd period - Fredrik Claesson is hit by Pius Suter and loses puck.
12:10 of 2nd period - Artem Zub is hit by Connor Carrick and loses puck.
12:15 of 2nd period - Snap shot by Zach Aston-Reese.
12:15 of 2nd period - Stopped by Daniel Altshuller without a rebound.
12:16 of 2nd period - Jonathan Marchessault wins face-off versus John Quenneville in Punishers zone.
12:17 of 2nd period - Snap shot by Nick Cousins.
12:17 of 2nd period - Shot Hit the Post.
12:19 of 2nd period - Wrist shot by Anthony Duclair.
12:19 of 2nd period - Shot Misses the Net.
12:23 of 2nd period - Wrist shot by Nick Cousins.
12:23 of 2nd period - Shot Blocked by Artem Zub.
12:25 of 2nd period - Backhand shot by Nick Cousins.
12:25 of 2nd period - Shot Misses the Net.
12:49 of 2nd period - Slapshot by Artem Zub.
12:49 of 2nd period - Shot Blocked by Jonathan Racine.
13:29 of 2nd period - Jared McCann is hit by John Quenneville.
14:22 of 2nd period - Snap shot by Zach Aston-Reese.
14:22 of 2nd period - Goal by Zach Aston-Reese - Punishers : 2 - Eagles : 1.
14:23 of 2nd period - Radek Faksa wins face-off versus Jonathan Marchessault in neutral zone.
15:18 of 2nd period - Snap shot by Oskar Lindblom.
15:18 of 2nd period - Stopped by Antoine Bibeau with a rebound.
15:20 of 2nd period - Snap shot by Austen Brassard.
15:20 of 2nd period - Stopped by Antoine Bibeau with a rebound.
15:22 of 2nd period - Backhand shot by Austen Brassard.
15:22 of 2nd period - Shot Blocked by Joseph Blandisi.
16:15 of 2nd period - John Quenneville is hit by Jarred Tinordi and loses puck.
16:20 of 2nd period - Wrist shot by Tyler Motte.
16:20 of 2nd period - Stopped by Daniel Altshuller without a rebound.
16:21 of 2nd period - Zach Aston-Reese wins face-off versus John Quenneville in Punishers zone.
16:22 of 2nd period - Wrist shot by Tyler Motte.
16:22 of 2nd period - Stopped by Daniel Altshuller with a rebound.
16:46 of 2nd period - Pius Suter is hit by Noah Juulsen and loses puck.
16:55 of 2nd period - Wrist shot by Zach Aston-Reese.
16:55 of 2nd period - Stopped by Daniel Altshuller with a rebound.
17:13 of 2nd period - Austen Brassard is hit by Tyler Motte and loses puck.
17:20 of 2nd period - Wrist shot by Oskar Lindblom.
17:20 of 2nd period - Deflect By Jarred Tinordi.
17:20 of 2nd period - Shot Misses the Net.
17:20 of 2nd period - Puck is out of play.
17:21 of 2nd period - Radek Faksa wins face-off versus Jonathan Marchessault in Eagles zone.
17:24 of 2nd period - Snap shot by Phillip Danault.
17:24 of 2nd period - Shot Misses the Net.
17:26 of 2nd period - Slapshot by Artem Zub.
17:26 of 2nd period - Shot Misses the Net.
17:30 of 2nd period - Wrist shot by Radek Faksa.
17:30 of 2nd period - Shot Blocked by John Ramage.
17:32 of 2nd period - Wrist shot by Alex Petrovic.
17:32 of 2nd period - Stopped by Antoine Bibeau without a rebound.
17:33 of 2nd period - Radek Faksa wins face-off versus Jonathan Marchessault in Eagles zone.
17:46 of 2nd period - Snap shot by Corey Tropp.
17:46 of 2nd period - Shot Misses the Net.
18:21 of 2nd period - Snap shot by Carter Ashton.
18:21 of 2nd period - Stopped by Antoine Bibeau with a rebound.
18:58 of 2nd period - Snap shot by Nick Cousins.
18:58 of 2nd period - Stopped by Daniel Altshuller with a rebound.
19:00 of 2nd period - Slapshot by John Ramage.
19:00 of 2nd period - Shot Misses the Net.
19:02 of 2nd period - Slapshot by John Ramage.
19:02 of 2nd period - Deflect By Artem Zub.
19:02 of 2nd period - Stopped by Daniel Altshuller with a rebound.
19:04 of 2nd period - Slapshot by Nick Cousins.
19:04 of 2nd period - Goal by Nick Cousins - Punishers : 2 - Eagles : 2.
19:05 of 2nd period - Radek Faksa wins face-off versus Drake Caggiula in neutral zone.
19:30 of 2nd period - Noah Juulsen is hit by Michael Carcone and loses puck.
19:37 of 2nd period - Snap shot by Carter Ashton.
19:37 of 2nd period - Stopped by Antoine Bibeau without a rebound.
19:38 of 2nd period - Drake Caggiula wins face-off versus John Quenneville in Eagles zone.
Goals for this period are 0 for Punishers vs 2 for Eagles.
Shots for this period are 11 for Punishers vs 14 for Eagles.

3rd period


0:01 of 3rd period - Radek Faksa wins face-off versus Jonathan Marchessault in neutral zone.
0:06 of 3rd period - Snap shot by Corey Tropp.
0:06 of 3rd period - Deflect By Phillip Danault.
0:06 of 3rd period - Shot Misses the Net.
0:06 of 3rd period - Puck is out of play.
0:07 of 3rd period - Radek Faksa wins face-off versus Jonathan Marchessault in Eagles zone.
0:16 of 3rd period - Wrist shot by Corey Tropp.
0:16 of 3rd period - Shot Blocked by Jarred Tinordi.
0:38 of 3rd period - Wrist shot by Joseph Blandisi.
0:38 of 3rd period - Stopped by Daniel Altshuller without a rebound.
0:39 of 3rd period - Drake Caggiula wins face-off versus John Quenneville in Punishers zone.
0:46 of 3rd period - Wrist shot by Matteson Iacopelli.
0:46 of 3rd period - Stopped by Daniel Altshuller with a rebound.
0:48 of 3rd period - Wrist shot by Matteson Iacopelli.
0:48 of 3rd period - Deflect By Joseph Blandisi.
0:48 of 3rd period - Shot Blocked by Anton Blidh.
0:48 of 3rd period - Puck is out of play.
0:49 of 3rd period - John Quenneville wins face-off versus Drake Caggiula in Punishers zone.
0:58 of 3rd period - Snap shot by Drake Caggiula.
0:58 of 3rd period - Stopped by Daniel Altshuller with a rebound.
1:00 of 3rd period - Wrist shot by Matteson Iacopelli.
1:00 of 3rd period - Stopped by Daniel Altshuller without a rebound.
1:01 of 3rd period - Jonathan Marchessault wins face-off versus Radek Faksa in Punishers zone.
1:08 of 3rd period - Snap shot by Nick Cousins.
1:08 of 3rd period - Goal by Nick Cousins - Punishers : 2 - Eagles : 3.
1:09 of 3rd period - Jonathan Marchessault wins face-off versus Radek Faksa in neutral zone.
1:43 of 3rd period - Alex Petrovic is hit by Jarred Tinordi and loses puck.
2:32 of 3rd period - Snap shot by Connor Carrick.
2:32 of 3rd period - Deflect By Nick Cousins.
2:32 of 3rd period - Goal by Nick Cousins - Punishers : 2 - Eagles : 4.
2:33 of 3rd period - Drake Caggiula wins face-off versus John Quenneville in neutral zone.
3:43 of 3rd period - Snap shot by Matteson Iacopelli.
3:43 of 3rd period - Deflect By Connor Clifton.
3:43 of 3rd period - Shot Misses the Net.
3:43 of 3rd period - Puck is out of play.
3:44 of 3rd period - Drake Caggiula wins face-off versus John Quenneville in Punishers zone.
3:51 of 3rd period - Snap shot by Drake Caggiula.
3:51 of 3rd period - Shot Misses the Net.
3:53 of 3rd period - Slapshot by Jonathan Racine.
3:53 of 3rd period - Stopped by Daniel Altshuller without a rebound.
3:54 of 3rd period - John Quenneville wins face-off versus Jonathan Marchessault in Punishers zone.
3:54 of 3rd period - John Quenneville is hit by Jonathan Marchessault.
4:18 of 3rd period - Snap shot by John Quenneville.
4:18 of 3rd period - Shot Misses the Net.
4:34 of 3rd period - Backhand shot by Jonathan Marchessault.
4:34 of 3rd period - Deflect By Carter Ashton.
4:34 of 3rd period - Shot Hit the Post.
4:34 of 3rd period - Puck is out of play.
4:35 of 3rd period - Drake Caggiula wins face-off versus Radek Faksa in Punishers zone.
4:48 of 3rd period - Double Minor Penalty to Jonathan Racine for Charging.
4:49 of 3rd period - Radek Faksa wins face-off versus Nick Cousins in Eagles zone.
5:05 of 3rd period - Snap shot by Radek Faksa.
5:05 of 3rd period - Shot Misses the Net.
6:15 of 3rd period - Jarred Tinordi is hit by Noah Juulsen and loses puck.
8:47 of 3rd period - Joseph Blandisi is hit by Ben Betker and loses puck.
8:48 of 3rd period - Penalty to Jonathan Racine is over, Jonathan Racine is back on ice.
9:16 of 3rd period - Slapshot by Connor Carrick.
9:16 of 3rd period - Shot Misses the Net.
11:13 of 3rd period - Carter Ashton is hit by Sam Steel.
11:23 of 3rd period - Daniel Audette is hit by Drake Caggiula.
11:27 of 3rd period - Noah Juulsen is hit by Matteson Iacopelli and loses puck.
11:48 of 3rd period - Slapshot by Artem Zub.
11:48 of 3rd period - Stopped by Antoine Bibeau with a rebound.
12:20 of 3rd period - Snap shot by Kevin Roy.
12:20 of 3rd period - Shot Misses the Net.
12:24 of 3rd period - Wrist shot by Oskar Lindblom.
12:24 of 3rd period - Shot Blocked by Keaton Middleton.
12:26 of 3rd period - Slapshot by Niko Mikkola.
12:26 of 3rd period - Shot Misses the Net.
12:28 of 3rd period - Slapshot by Kevin Roy.
12:28 of 3rd period - Stopped by Antoine Bibeau without a rebound.
12:29 of 3rd period - Radek Faksa wins face-off versus Jared McCann in Eagles zone.
12:30 of 3rd period - Wrist shot by Corey Tropp.
12:30 of 3rd period - Shot Blocked by John Ramage.
12:32 of 3rd period - Slapshot by Noah Juulsen.
12:32 of 3rd period - Stopped by Antoine Bibeau without a rebound.
12:33 of 3rd period - Radek Faksa wins face-off versus Jared McCann in Eagles zone.
12:45 of 3rd period - Off-side.
12:46 of 3rd period - Phillip Danault wins face-off versus Jonathan Marchessault in neutral zone.
14:00 of 3rd period - Minor Penalty to Michael Carcone for Tripping.
14:01 of 3rd period - Nick Cousins wins face-off versus Radek Faksa in Eagles zone.
14:32 of 3rd period - Anton Blidh is hit by Jonathan Racine and loses puck.
16:00 of 3rd period - Penalty to Michael Carcone is over, Michael Carcone is back on ice.
16:09 of 3rd period - Xavier Ouellet is hit by Austen Brassard.
16:24 of 3rd period - Austen Brassard is hit by Michael Carcone.
16:25 of 3rd period - Icing by Austen Brassard.
16:26 of 3rd period - Zach Aston-Reese wins face-off versus John Hayden in Punishers zone.
16:39 of 3rd period - Snap shot by Zach Aston-Reese.
16:39 of 3rd period - Shot Misses the Net.
17:25 of 3rd period - Minor Penalty to Nick Cousins for Hooking.
17:26 of 3rd period - Zach Aston-Reese wins face-off versus Radek Faksa in Eagles zone.
18:50 of 3rd period - John Quenneville is hit by Drake Caggiula and loses puck.
18:59 of 3rd period - Jonathan Marchessault is hit by Noah Juulsen.
19:15 of 3rd period - Noah Juulsen is hit by Jared McCann and loses puck.
19:25 of 3rd period - Penalty to Nick Cousins is over, Nick Cousins is back on ice.
19:30 of 3rd period - Snap shot by Joseph Blandisi.
19:30 of 3rd period - Shot Misses the Net.
19:56 of 3rd period - Wrist shot by Nick Cousins.
19:56 of 3rd period - Shot Misses the Net.
19:58 of 3rd period - Snap shot by Nick Cousins.
19:58 of 3rd period - Shot Blocked by Alex Petrovic.
Goals for this period are 0 for Punishers vs 2 for Eagles.
Shots for this period are 3 for Punishers vs 7 for Eagles.